Description

cyclone to banshee harass to scc push

Replay - INnoVation v llllllllllll - 카탈리스트 - 래더

Build Order

Get SALT Encoding   

  12  0:00  SCV  
  13  0:12  SCV  
  14  0:17  Supply Depot  
  14  0:24  SCV  
  14  0:27  Refinery  
  15  0:38  SCV  
  16  0:44  Barracks  
  16  0:50  SCV  
  17  1:02  SCV  
  18  1:15  SCV  
  19  1:30  Orbital Command  
  19  1:31  Reaper  
  20  1:50  Command Center  
  20  1:55  Refinery  
  20  2:00  Factory  
  20  2:04  Barracks Reactor  
  20  2:06  SCV  
  21  2:13  Supply Depot  
  21  2:18  SCV  
  22  2:30  SCV  
  24  2:49  Cyclone x2  
  31  3:02  Orbital Command  
  32  3:17  Starport  
  32  3:21  Barracks Tech Lab, Hellion x2  
  38  3:40  Supply Depot  
  40  3:43  Hellion x2  
  40  3:45  Marine  
  45  3:55  Starport Tech Lab  
  47  4:03  Supply Depot  
  49  4:11  Widow Mine x2  
  49  4:14  Cloaking Field, Banshee  
  47  4:18  Marine  
  46  4:29  Bunker  
  48  4:36  Marine  
  49  4:43  Stimpack  
  49  4:44  Barracks  
  51  4:48  Factory Reactor  
  51  4:52  Barracks  
  51  4:57  Engineering Bay, Banshee, Marine  
  57  5:07  Refinery  
  57  5:08  Supply Depot  
  59  5:15  Marine  
  60  5:26  Terran Infantry Weapons Level 1  
  62  5:32  Marine x2  
  62  5:33  Barracks x2  
  64  5:36  Factory Reactor  
  64  5:40  Marine x3  
  70  5:59  Refinery  
  70  6:02  Starport Reactor  
  72  6:08  Marauder  
  75  6:17  Widow Mine x2  
  81  6:25  Barracks Tech Lab, Barracks Reactor  
  80  6:34  Marauder  
  80  6:38  Medivac x2  
  85  6:41  Widow Mine x2  
  85  6:43  Combat Shield  
  85  6:47  Marauder  
  95  6:55  Marauder  
  95  6:58  Concussive Shells  
  97  7:04  Widow Mine x2  
  103  7:09  Medivac x2  
  107  7:16  Marauder x2  
  117  7:26  Widow Mine x2  
  121  7:31  Terran Infantry Armor Level 1  
  121  7:40  Marauder x2  
  133  7:54  Medivac x2  
  135  8:05  Marauder x2  
  128  8:24  Medivac x2  
  145  9:02  Medivac x2  
Spawning Tool Build Advisor. Get it on Overwolf

Go to:

Details

  • Created by: Ldbor
  • Published on: Mar 19, 2023
  • Modified on: Mar 19, 2023
  • Patch: 5.0.11
  • Difficulty: Medium
Show
View Real Time Build Order
Export as new Build Order

Comments (0)

There are no comments. Be the first!

Create an account to comment!